 Dungeon Crawl Stone Soup version 0.29.0-4-gdea44cf6ec (webtiles) character file.

Game seed: 8511144974254730020

406 quinnr the Conjurer (level 6, -1/34 HPs)
             Began as a Tengu Conjurer on Aug 27, 2022.
             Slain by a goblin
             ... wielding a +0 club
             ... led by Robin
              (3 damage)
             ... on level 3 of the Dungeon.
             The game lasted 00:11:58 (3458 turns).

quinnr the Conjurer (Tengu Conjurer)                Turns: 3458, Time: 00:11:59

Health: -1/34      AC:  2    Str:  7    XL:     6   Next: 87%
Magic:  4/11       EV: 14    Int: 20    God:
Gold:   192        SH:  0    Dex: 13    Spells: 5/11 levels left

rFire   . . .      SeeInvis .   l - staff of poison {!a}
rCold   . . .      Faith    .   (no shield)
rNeg    . . .      Spirit   .   a - +0 robe
rPois   +          Reflect  .   (helmet restricted)
rElec   .          Harm     .   (no cloak)
rCorr   .          Rampage  .   (no gloves)
Will    +....                   (boots unavailable)
Stlth   ++........              (no amulet)
HPRegen 0.11/turn               W - ring of willpower
MPRegen 0.12/turn               (no ring)

@: flying quickly and evasively, quick
A: beak, talons 3, nimble flight
a: no special abilities


You were on level 3 of the Dungeon.
You visited 1 branch of the dungeon, and saw 4 of its levels.

You collected 192 gold pieces.


Innate Abilities, Weirdness & Mutations

You have a beak for a mouth.
You have claws for feet.
Your magical nature lets you fly swiftly and evasively.


   Skills:
 + Level 1.6 Fighting
 - Level 2.1 Dodging
 - Level 4.0 Stealth
 - Level 3.0 Spellcasting
 + Level 7.3 Conjurations
 - Level 2.0 Air Magic
 + Level 2.4 Poison Magic


You had 5 spell levels left.
You knew the following spells:

 Your Spells              Type           Power      Damage    Failure   Level
c - Mephitic Cloud        Conj/Pois/Air  28%        N/A       9%          3
m - Magic Dart            Conj           100%       1d8       1%          1
s - Searing Ray           Conj           64%        2d6       1%          2

Your spell library contained the following spells:

 Spells                   Type           Power      Damage    Failure   Level
 Dazzling Flash           Conj/Hex       34%        N/A       10%         3
 Call Imp                 Summ           3%         N/A       22%         2
 Fulminant Prism          Conj/Hex       8%         3d7       30%         4
 Iskenderun's Mystic Bla  Conj/Tloc      17%        2d5       30%         4

Inventory:

Hand Weapons
 c - a +0 sling
 e - a +1 dagger of speed
Armour
 a - a +0 robe (worn)
Magical Staves
 l - a staff of poison (weapon) {!a}
Jewellery
 W - a ring of willpower (left hand)
Scrolls
 f - 2 scrolls of butterflies {unknown}
 h - 4 scrolls of identify {unknown}
 k - a scroll of summoning {unknown}
 n - a scroll of amnesia {unknown}
 p - a scroll of magic mapping {unknown}
Potions
 b - a potion of magic
 d - 2 potions of curing {unknown}
 g - 2 potions of cancellation {unknown}
 i - a potion of heal wounds {unknown}
 j - 2 potions of degeneration {unknown}
 m - a potion of haste {unknown}
 o - a potion of lignification {unknown}

Dungeon Overview and Level Annotations

Branches:
Dungeon (4/15)
 Temple: D:4-7

Altars:
Xom

Annotations:
D:3 Grinder, Robin
D:4 1 runed translucent door, Crazy Yiuf, Eustachio

.†░.░..##.......##.#.#.
#.░.░..##....#.###.#.#.
..####.░.░..)..............>
.......░'░..#####.#.#######.
#.....## #.#....# #. ###..g<#
#.####.# #. ####g# #.# #.# #.
#g# #.# #.# #< #@# #.####.##
#. #{# #.......# #. ###
#################†# #. ...
.........[........# #.
#.####.####.####.####.# ##
#.#..+.+ #.#..+.+..#.# #.#
#.#..#.# #.#.†#.#..#.#
###.##+#.##'#.##+#)##'#.##'#.#
..#..........................#


You could see Robin and 2 goblins.


Message History

Robin of the Strong Arm comes into view.
They are wielding a +0 whip.
The searing ray hits the sky beast.
The sky beast is heavily wounded.
The sky beast closely misses you. The goblin hits you with a +0 club.
Unknown command.
The searing ray misses the sky beast.
You finish channelling your searing ray.
The sky beast hits you.
* * * LOW HITPOINT WARNING * * *
The sky beast shocks you.
* * * LOW HITPOINT WARNING * * *
The goblin barely misses you.
Unknown command.
Casting: Searing Ray (safe; 1% risk of failure)
Confirm with . or Enter, or press ? or * to list all spells.
Aiming: Searing Ray (safe; 1% risk of failure)
Press: ? - help, Shift-Dir - straight line, f/p - sky beast
Aim: a sky beast (heavily wounded, 73% to hit)
The searing ray hits the sky beast.
The sky beast is severely wounded. (Press . to maintain the ray.)
The sky beast flickers out of sight!
Deactivating autopickup; reactivate with Ctrl-A.
Something hits you.
* * * LOW HITPOINT WARNING * * *
Something shocks you.
* * * LOW HITPOINT WARNING * * *
A goblin comes into view. It is wielding a +0 dagger.
The goblin hits you with a +0 club.
You die...

Skill      XL: |  1  2  3  4  5  6 |
---------------+-------------------+-----
Conjurations   | 6 7 |  7.3
Fighting       | 1 |  1.6
Spellcasting   | 3 |  3.0
Stealth        | 3 4 |  4.0
Air Magic      | 1 2 |  2.0
Poison Magic   | 1 2 |  2.4
Dodging        | |  2.1

Action                   |  1- 3 |  4- 6 || total
-------------------------+-------+-------++-------
Melee: Staff             |       |     3 ||     3
       Peck              |       |     1 ||     1
 Cast: Magic Dart        |    51 |    86 ||   137
       Searing Ray       |     4 |     8 ||    12
Armor: Robe              |       |     2 ||     2
Dodge: Dodged            |     3 |    16 ||    19

Levels and vault maps discovered:
D:1:      dpeg_arrival_lava_temple_mockup, layout_basic, minmay_tetromino_o2
D:2:      minmay_spotlight, layout_basic, hex_medium, roderic_malta_cross
D:3:      minmay_door_path, layout_loops_ring,
          mainiacjoe_overflow_surrounded_room, serial_shops,
          nicolae_shop_hallway_plus, uniq_natasha, uniq_robin, uniq_grinder
D:4:      layout_basic, uniq_eustachio, uniq_crazy_yiuf_cottage

Notes
Turn   | Place    | Note
-------+----------+-------------------------------------------
     0 | D:1      | quinnr the Tengu Conjurer began the quest for the Orb.
     0 | D:1      | Reached XP level 1. HP: 10/10 MP: 4/4
   251 | D:1      | Reached XP level 2. HP: 15/15 MP: 4/6
   316 | D:1      | Reached skill level 6 in Conjurations
   428 | D:1      | Reached skill level 1 in Fighting
   471 | D:1      | Reached XP level 3. HP: 20/20 MP: 4/7
   474 | D:1      | Learned a level 2 spell: Searing Ray
   939 | D:1      | Reached skill level 3 in Spellcasting
  1459 | D:2      | Reached XP level 4. HP: 25/25 MP: 5/9
  2200 | D:3      | Learned a level 3 spell: Mephitic Cloud
  2377 | D:3      | Noticed Grinder
  2502 | D:4      | Noticed Eustachio
  2650 | D:4      | Noticed a sky beast
  2660 | D:4      | Killed a sky beast
  2661 | D:4      | Reached skill level 3 in Stealth
  2661 | D:4      | Reached skill level 1 in Air Magic
  2661 | D:4      | Reached skill level 1 in Poison Magic
  2661 | D:4      | Gained mutation: Your magical nature lets you fly swiftly
                  | and evasively. [Tengu growth]
  2661 | D:4      | Reached XP level 5. HP: 29/29 MP: 4/10
  2792 | D:4      | Reached skill level 2 in Air Magic
  3041 | D:4      | Found a runed translucent door.
  3042 | D:4      | Noticed Crazy Yiuf
  3089 | D:4      | Reached skill level 7 in Conjurations
  3089 | D:4      | Reached skill level 2 in Poison Magic
  3089 | D:4      | Reached XP level 6. HP: 34/34 MP: 4/11
  3167 | D:4      | Identified a +1 robe of resistance
  3370 | D:3      | Found a shimmering altar of Xom.
  3397 | D:4      | Reached skill level 4 in Stealth
  3397 | D:4      | Noticed a sky beast
  3455 | D:3      | Noticed Robin
  3458 | D:3      | HP: 2/34 [something (6)]
  3458 | D:3      | Slain by a goblin

Vanquished Creatures
  An ogre (D:4)
  A sky beast (D:4)
  A scorpion (D:4)
  3 adders
  7 gnolls
  A worm (D:4)
  A dart slug (D:1)
  4 orcs
  7 ball pythons
  3 bats
  5 endoplasms
  2 giant cockroaches
  9 goblins
  5 hobgoblins
  5 quokkas
  2 frilled lizards
  11 kobolds
  7 rats
75 creatures vanquished.

Vanquished Creatures (others)
  A fungus (D:4)
1 creature vanquished.

Grand Total: 76 creatures vanquished

Table legend: (Time is in decaauts)
 A = Elapsed time spent in this place.
 B = Non-inter-level travel time spent in this place.
 C = Inter-level travel time spent in this place.
 D = Time resting spent in this place.
 E = Time spent auto-exploring this place.
 F = Levels seen in this place.
 G = Mean time per level.
                   A        B        C        D        E       F      G
               +--------+--------+--------+--------+--------+-----+--------+
         Total |   3435 |   3316 |    119 |    351 |   2448 |   4 |  858.8 |
       Dungeon |   3435 |   3316 |    119 |    351 |   2448 |   4 |  858.8 |
               +--------+--------+--------+--------+--------+-----+--------+

Top non-repeatable levels by time:
     D:1: 1126 daAuts
     D:2: 844 daAuts
     D:3: 755 daAuts
     D:4: 710 daAuts

Table legend:
 A = Non-vault XP
 B = Vault XP
 C = Vault XP percentage of total XP
 D = Non-vault monster count
 E = Vault monster count
 F = Vault count percentage of total count
                 A         B        C        D         E       F
            +---------+---------+-------+---------+---------+-------
      Total |     570 |      10 |   1.7 |      68 |       7 |   9.3
            +---------+---------+-------+---------+---------+-------
        D:1 |      68 |       2 |   2.9 |      23 |       1 |   4.2
        D:2 |      36 |       4 |  10.0 |      15 |       3 |  16.7
        D:3 |      33 |       4 |  10.8 |      12 |       3 |  20.0
        D:4 |     433 |       0 |   0.0 |      18 |       0 |   0.0
            +---------+---------+-------+---------+---------+-------
